PAAA
ALASKAN HUMPBACKS @ PAWNEE PARKSNREC
09/05/2019
 
TOP OF THE 1ST
Alaskan Humpbacks batting - Pitching for Pawnee ParksNRec : RHP Howard Ritchie
Pitching: RHP Howard Ritchie
Batting: RHB Steve Camp 0-0: Ground out 1-3 (Groundball, 15)
Batting: LHB Raúl Valentín 0-0: Called Strike
0-1: Hit by Pitch
Batting: RHB Javier Díaz 0-0: Fly out, F6 (Line Drive, 6M)
Batting: RHB Jared Smith 0-0: Ground out 4-3 (Groundball, 4S)
Top of the 1st over - 0 run(s), 0 hit(s), 0 error(s), 1 left on base; Alaskan 0 - Pawnee 0
BOTTOM OF THE 1ST
Pawnee ParksNRec batting - Pitching for Alaskan Humpbacks : LHP Ryan Draper
Pitching: LHP Ryan Draper
Batting: RHB Mike Daniels 0-0: Ball
1-0: Fly out, F7 (Flyball, 7M)
Batting: RHB Gonzalo Manuel 0-0: Ball
1-0: Called Strike
1-1: Ball
2-1: Called Strike
2-2: Ball
3-2: Foul Ball, location: 2F
3-2: Fly out, F9 (Flyball, 9M)
Batting: RHB Rex Long 0-0: Called Strike
0-1: Swinging Strike
0-2: Ground out 4-3 (Groundball, 4)
Bottom of the 1st over - 0 run(s), 0 hit(s), 0 error(s), 0 left on base; Alaskan 0 - Pawnee 0
TOP OF THE 2ND
Alaskan Humpbacks batting - Pitching for Pawnee ParksNRec : RHP Howard Ritchie
Batting: RHB Dave Farr 0-0: Called Strike
0-1: Ball
1-1: Foul Ball, location: 2F
1-2: Fly out, F8 (Flyball, 8RM)
Batting: LHB James Sorensen 0-0: Called Strike
0-1: Ball
1-1: SINGLE (Groundball, 5D)
Batting: RHB Fernando Camacho 0-0: Called Strike
0-1: Swinging Strike
0-2: Ball
1-2: Foul Ball, location: 2F
1-2: Foul Ball, location: 2F
1-2: Ground out 1-3 (Groundball, 23)
James Sorensen to second
Batting: RHB Aurelio Annunziato 0-0: Fly out, F6 (Popup, 5)
Top of the 2nd over - 0 run(s), 1 hit(s), 0 error(s), 1 left on base; Alaskan 0 - Pawnee 0
BOTTOM OF THE 2ND
Pawnee ParksNRec batting - Pitching for Alaskan Humpbacks : LHP Ryan Draper
Batting: LHB Paul Johnson 0-0: Ball
1-0: Ground out 4-3 (Groundball, 34)
Batting: RHB Lúcio López 0-0: Called Strike
0-1: Ball
1-1: Ball
2-1: Swinging Strike
2-2: Ground out 6-3 (Groundball, 56)
Batting: RHB Joe Craig 0-0: Ball
1-0: Fly out, F8 (Flyball, 8RM)
Bottom of the 2nd over - 0 run(s), 0 hit(s), 0 error(s), 0 left on base; Alaskan 0 - Pawnee 0
TOP OF THE 3RD
Alaskan Humpbacks batting - Pitching for Pawnee ParksNRec : RHP Howard Ritchie
Batting: SHB Josef Koper 0-0: Foul Ball, location: 2F
0-1: Foul Ball, location: 2F
0-2: Ball
1-2: Strikes out swinging
Batting: RHB Steve Camp 0-0: Foul Ball, location: 2F
0-1: Ball
1-1: Swinging Strike
1-2: Ball
2-2: Strikes out swinging
Batting: LHB Raúl Valentín 0-0: SINGLE (Groundball, 56D)
Batting: RHB Javier Díaz 0-0: Ball
1-0: Foul Ball, location: 2F
1-1: Ball
2-1: Called Strike
2-2: Ball
3-2: Ground out 6-3 (Groundball, 6M)
Top of the 3rd over - 0 run(s), 1 hit(s), 0 error(s), 1 left on base; Alaskan 0 - Pawnee 0
BOTTOM OF THE 3RD
Pawnee ParksNRec batting - Pitching for Alaskan Humpbacks : LHP Ryan Draper
Batting: RHB Dale Blair 0-0: Ball
1-0: Foul Ball, location: 2F
1-1: Foul Ball, location: 2F
1-2: Ground out 5-3 (Groundball, 56)
Batting: RHB Tim Lehman 0-0: Swinging Strike
0-1: Ball
1-1: Called Strike
1-2: Ball
2-2: Strikes out swinging
Batting: RHB Darby Carveth 0-0: Ball
1-0: Called Strike
1-1: Foul Ball, location: 2F
1-2: Fly out, F2 (Popup, 2R)
Bottom of the 3rd over - 0 run(s), 0 hit(s), 0 error(s), 0 left on base; Alaskan 0 - Pawnee 0
TOP OF THE 4TH
Alaskan Humpbacks batting - Pitching for Pawnee ParksNRec : RHP Howard Ritchie
Batting: RHB Jared Smith 0-0: Ground out 1-3 (Groundball, 13S)
Batting: RHB Dave Farr 0-0: Ball
1-0: Fly out, F9 (Flyball, 9M)
Batting: LHB James Sorensen 0-0: Swinging Strike
0-1: Ball
1-1: Foul Ball, location: 2F
1-2: Ball
2-2: SINGLE (Line Drive, 7LS)
Batting: RHB Fernando Camacho 0-0: Called Strike
0-1: Foul Ball, location: 2F
0-2: SINGLE (Flyball, 78S)
James Sorensen to second
Batting: RHB Aurelio Annunziato 0-0: Ball
1-0: TRIPLE (Flyball, 9LM)
James Sorensen scores
Fernando Camacho scores
Batting: SHB Josef Koper 0-0: 2-RUN HOME RUN (Flyball, 9D), Distance : 386 ft
Batting: RHB Steve Camp 0-0: Ball
1-0: Ball
2-0: Ground out 6-3 (Groundball, 6M)
Top of the 4th over - 4 run(s), 4 hit(s), 0 error(s), 0 left on base; Alaskan 4 - Pawnee 0
BOTTOM OF THE 4TH
Pawnee ParksNRec batting - Pitching for Alaskan Humpbacks : LHP Ryan Draper
Batting: RHB Mike Daniels 0-0: Ball
1-0: Ground out 4-3 (Groundball, 4)
Batting: RHB Gonzalo Manuel 0-0: Called Strike
0-1: Foul Ball, location: 2F
0-2: Strikes out swinging
Batting: RHB Rex Long 0-0: Ball
1-0: Fly out, F8 (Flyball, 8LM)
Bottom of the 4th over - 0 run(s), 0 hit(s), 0 error(s), 0 left on base; Alaskan 4 - Pawnee 0
TOP OF THE 5TH
Alaskan Humpbacks batting - Pitching for Pawnee ParksNRec : RHP Howard Ritchie
Batting: LHB Raúl Valentín 0-0: Called Strike
0-1: Foul Ball, location: 2F
0-2: Strikes out swinging
Batting: RHB Javier Díaz 0-0: Foul Ball, location: 2F
0-1: Ball
1-1: Ground out 6-3 (Groundball, 6)
Batting: RHB Jared Smith 0-0: Called Strike
0-1: Called Strike
0-2: Foul Ball, location: 2F
0-2: Strikes out swinging
Top of the 5th over - 0 run(s), 0 hit(s), 0 error(s), 0 left on base; Alaskan 4 - Pawnee 0
BOTTOM OF THE 5TH
Pawnee ParksNRec batting - Pitching for Alaskan Humpbacks : LHP Ryan Draper
Batting: LHB Paul Johnson 0-0: Foul Ball, location: 2F
0-1: Swinging Strike
0-2: Fly out, F9 (Flyball, 9LM)
Batting: RHB Lúcio López 0-0: Called Strike
0-1: Ball
1-1: Ball
2-1: Ground out 6-3 (Groundball, 6M)
Batting: RHB Joe Craig 0-0: Foul Ball, location: 2F
0-1: Ball
1-1: Ball
2-1: Ground out 6-3 (Groundball, 6M)
Bottom of the 5th over - 0 run(s), 0 hit(s), 0 error(s), 0 left on base; Alaskan 4 - Pawnee 0
TOP OF THE 6TH
Alaskan Humpbacks batting - Pitching for Pawnee ParksNRec : RHP Howard Ritchie
Batting: RHB Dave Farr 0-0: Ball
1-0: Ball
2-0: SINGLE (Flyball, 8LM)
Batting: LHB James Sorensen 0-0: Called Strike
0-1: Reached on error, E5 (Groundball, 56)
Dave Farr to second
Batting: RHB Fernando Camacho 0-0: Ball
1-0: Called Strike
1-1: Grounds into double play, 5-4-3 (Groundball, 5)
Dave Farr to third
Batting: RHB Aurelio Annunziato 0-0: Fly out, F7 (Flyball, 7M)
Top of the 6th over - 0 run(s), 1 hit(s), 1 error(s), 1 left on base; Alaskan 4 - Pawnee 0
BOTTOM OF THE 6TH
Pawnee ParksNRec batting - Pitching for Alaskan Humpbacks : LHP Ryan Draper
Batting: RHB Dale Blair 0-0: Swinging Strike
0-1: Ball
1-1: Called Strike
1-2: Strikes out looking
Batting: RHB Tim Lehman 0-0: Swinging Strike
0-1: SINGLE (Groundball, 6MD)
Batting: RHB Darby Carveth 0-0: Ball
1-0: Foul Ball, location: 2F
1-1: Ball
2-1: Swinging Strike
2-2: Foul Ball, location: 2F
2-2: Foul Ball, location: 2F
2-2: Strikes out swinging
Batting: RHB Mike Daniels 0-0: Called Strike
0-1: Ball
1-1: Ball
2-1: Ground out 1-3 (Groundball, 13S)
Bottom of the 6th over - 0 run(s), 1 hit(s), 0 error(s), 1 left on base; Alaskan 4 - Pawnee 0
TOP OF THE 7TH
Alaskan Humpbacks batting - Pitching for Pawnee ParksNRec : RHP Howard Ritchie
Batting: SHB Josef Koper 0-0: Ball
1-0: Swinging Strike
1-1: Called Strike
1-2: Hit by Pitch
Batting: RHB Steve Camp 0-0: Called Strike
0-1: Swinging Strike
0-2: Ball
1-2: Strikes out looking
Batting: LHB Raúl Valentín 0-0: Ball
1-0: Called Strike
1-1: Foul Ball, location: 2F
1-2: Ball
2-2: Foul Ball, location: 2F
2-2: Fly out, F6 (Popup, 5)
Pitching: RHP Jesse Bowling
Batting: RHB Javier Díaz 0-0: Called Strike
0-1: Swinging Strike
0-2: Strikes out swinging
Top of the 7th over - 0 run(s), 0 hit(s), 0 error(s), 1 left on base; Alaskan 4 - Pawnee 0
BOTTOM OF THE 7TH
Pawnee ParksNRec batting - Pitching for Alaskan Humpbacks : LHP Ryan Draper
Batting: RHB Gonzalo Manuel 0-0: Ball
1-0: Called Strike
1-1: Swinging Strike
1-2: Foul Ball, location: 2F
1-2: Ball
2-2: Ball
3-2: Strikes out swinging
Batting: RHB Rex Long 0-0: Called Strike
0-1: Ball
1-1: Swinging Strike
1-2: Ball
2-2: DOUBLE (Groundball, 5L)
Batting: LHB Paul Johnson 0-0: Ball
1-0: Ball
2-0: Called Strike
2-1: Ground out 6-3 (Groundball, 6M)
Rex Long to third
Batting: RHB Lúcio López 0-0: Ground out 5-3 (Groundball, 56S)
Bottom of the 7th over - 0 run(s), 1 hit(s), 0 error(s), 1 left on base; Alaskan 4 - Pawnee 0
TOP OF THE 8TH
Alaskan Humpbacks batting - Pitching for Pawnee ParksNRec : RHP Jesse Bowling
Batting: RHB Jared Smith 0-0: Called Strike
0-1: Swinging Strike
0-2: Ball
1-2: Fly out, F8 (Flyball, 8RXD)
Batting: RHB Dave Farr 0-0: SINGLE (Groundball, 6MD)
Batting: LHB James Sorensen 0-0: Ball
1-0: Called Strike
1-1: Foul Ball, location: 2F
1-2: SINGLE (Line Drive, 7S)
Dave Farr to second
Batting: RHB Fernando Camacho 0-0: Ball
1-0: Ball
2-0: Foul Ball, location: 2F
2-1: Ball
3-1: Base on Balls
Dave Farr to third
James Sorensen to second
Batting: RHB Aurelio Annunziato 0-0: Foul Ball, location: 2F
0-1: Foul Ball, location: 2F
0-2: Foul Ball, location: 2F
0-2: Ball
1-2: Strikes out looking
Batting: SHB Josef Koper 0-0: Foul Ball, location: 2F
0-1: Ball
1-1: Called Strike
1-2: Ball
2-2: Ball
3-2: Base on Balls
Dave Farr scores
James Sorensen to third
Fernando Camacho to second
Pitching: LHP Jim Unknown
Batting: RHB Steve Camp 0-0: Swinging Strike
0-1: Foul Ball, location: 2F
0-2: Ball
1-2: Foul Ball, location: 2F
1-2: Ball
2-2: Fly out, F8 (Line Drive, 8LS)
Top of the 8th over - 1 run(s), 2 hit(s), 0 error(s), 3 left on base; Alaskan 5 - Pawnee 0
BOTTOM OF THE 8TH
Pawnee ParksNRec batting - Pitching for Alaskan Humpbacks : LHP Ryan Draper
Batting: RHB Joe Craig 0-0: Called Strike
0-1: DOUBLE (Line Drive, 5D)
Batting: RHB Dale Blair 0-0: SINGLE (Groundball, 56D)
Joe Craig to third
Batting: RHB Tim Lehman 0-0: Called Strike
0-1: Ball
1-1: Fly out, F1 (Popup, 13S)
Batting: RHB Darby Carveth 0-0: Ball
1-0: Ball
2-0: Foul Ball, location: 2F
2-1: Ball
3-1: Base on Balls
Dale Blair to second
Batting: RHB Mike Daniels 0-0: Called Strike
0-1: Ball
1-1: Ball
2-1: Grounds into double play, 6-4-3 (Groundball, 6)
Bottom of the 8th over - 0 run(s), 2 hit(s), 0 error(s), 2 left on base; Alaskan 5 - Pawnee 0
TOP OF THE 9TH
Alaskan Humpbacks batting - Pitching for Pawnee ParksNRec : LHP Jim Unknown
Batting: LHB Raúl Valentín 0-0: Ball
1-0: Ball
2-0: Called Strike
2-1: Called Strike
2-2: SINGLE (Flyball, 8LS)
Batting: RHB Javier Díaz 0-0: Ball
1-0: Foul Ball, location: 2F
1-1: Called Strike
1-2: Ball
2-2: Fly out, F7 (Flyball, 78M)
Batting: RHB Jared Smith 0-0: Called Strike
0-1: Swinging Strike
0-2: Ball
1-2: Fly out, F8 (Flyball, 8RD)
Batting: RHB Dave Farr 0-0: Fielders Choice at 2nd, U4 (Groundball, 4M)
Top of the 9th over - 0 run(s), 1 hit(s), 0 error(s), 1 left on base; Alaskan 5 - Pawnee 0
BOTTOM OF THE 9TH
Pawnee ParksNRec batting - Pitching for Alaskan Humpbacks : LHP Ryan Draper
Batting: RHB Gonzalo Manuel 0-0: SINGLE (Flyball, 7S)
Batting: RHB Rex Long 0-0: Ball
1-0: Foul Ball, location: 2F
1-1: Fly out, F8 (Flyball, 8LM)
Batting: LHB Paul Johnson 0-0: Swinging Strike
0-1: Foul Ball, location: 2F
0-2: Foul Ball, location: 2F
0-2: Ball
1-2: Strikes out swinging
Batting: RHB Lúcio López 0-0: Ground out 6-3 (Groundball, 6)
Bottom of the 9th over - 0 run(s), 1 hit(s), 0 error(s), 1 left on base; Alaskan 5 - Pawnee 0
This league is powered by Out of the Park Baseball, the baseball management simulation game for PC, Mac and Linux
Saturday, July 25th, 2015 - OOTP Baseball 15.6 Build 34